 Dungeon Crawl Stone Soup version 0.23-b1-3-gdda8187c6f (webtiles) character file.

Game seed: 15117549325968133953

292 PaavoPuola the Magician (level 6, -1/32 HPs)
             Began as a Deep Elf Conjurer on Feb 1, 2019.
             Was a Believer of Jiyva.
             Slain by Duvessa
             ... wielding a +0 short sword
              (5 damage)
             ... on level 4 of the Dungeon.
             The game lasted 00:25:24 (4702 turns).

PaavoPuola the Magician (Deep Elf Conjurer)         Turns: 4702, Time: 00:25:25

Health: -1/32      AC:  2    Str:  5    XL:     6   Next: 10%
Magic:  1/18       EV: 13    Int: 24    God:    Jiyva [**....]
Gold:   165        SH:  0    Dex: 13    Spells: 12/19 levels left

rFire    . . .     SeeInvis .   r - +3 dagger (vamp)
rCold    . . .     Gourm    .   (no shield)
rNeg     . . .     Faith    .   t - +0 robe
rPois    +         Spirit   .   (no helmet)
rElec    .         Reflect  .   n - scarf {cloud immunity}
rCorr    .         Harm     .   (no gloves)
MR       .....                  (no boots)
Stlth    ++........             (no amulet)
HPRegen  0.10/turn              a - ring of poison resistance
MPRegen  0.16/turn              (no ring)

@: very slightly contaminated
A: no striking features
a: Request Jelly, Renounce Religion


You were on level 4 of the Dungeon.
You worshipped Jiyva.
Jiyva was pleased with you.
You were hungry.

You visited 1 branch of the dungeon, and saw 4 of its levels.

You collected 165 gold pieces.

Inventory:

Hand Weapons
 r - a +3 vampiric dagger (weapon)
Missiles
 j - 12 poisoned needles
Armour
 n - a scarf of cloud immunity (worn)
 t - a +0 robe (worn)
Jewellery
 a - a ring of poison resistance (left hand)
Scrolls
 d - a scroll of fog {unknown}
 f - 2 scrolls of enchant armour {unknown}
 g - 3 scrolls of noise {unknown}
 h - 3 scrolls of remove curse {unknown}
 i - 4 scrolls of identify {unknown}
 o - a scroll of amnesia {unknown}
 p - 3 scrolls of blinking {unknown}
 s - a scroll of enchant weapon {unknown}
Potions
 b - a potion of haste {unknown}
 e - 2 potions of heal wounds {unknown}
 k - a potion of degeneration {unknown}
 l - 2 potions of curing {unknown}
 m - a potion of flight {unknown}
 q - a potion of resistance
Comestibles
 c - 5 rations


   Skills:
 - Level 2.4 Dodging
 - Level 2.4 Stealth
 * Level 7.2 Spellcasting
 + Level 5.9 Conjurations


You had 12 spell levels left.
You knew the following spells:

 Your Spells              Type           Power        Failure   Level  Hunger
a - Magic Dart            Conj           ####         1%          1    None
b - Searing Ray           Conj           #####.       1%          2    None
c - Iskenderun's Mystic   Conj           #####...     6%          4    ###....

Your spell library contained the following spells:

 Spells                   Type           Power        Failure   Level  Hunger
 Dazzling Spray           Conj/Hex       ###...       6%          3    None
 Force Lance              Conj/Tloc      ###.....     21%         4    ###....
 Fulminant Prism          Conj/Hex       ###.......   21%         4    ###....


Dungeon Overview and Level Annotations

Branches:
Dungeon (4/15)
 Temple: D:4-7

Altars:
Jiyva

Annotations:
D:4 Duvessa, Robin


Message History

Confirm with . or Enter, or press ? or * to list all spells.
Aiming: Iskenderun's Mystic Blast (safe; 6% risk of failure)
Press: ? - help, Shift-Dir - straight line, f/p - Duvessa
Aim: Duvessa, wielding a +0 short sword and wearing a +3 leather armour of magic resistance (heavily wounded, berserk, fast, unusually strong)
You miscast Iskenderun's Mystic Blast.
You are very lightly contaminated with residual magic.
Your hair stands on end.
Duvessa closely misses you.
Casting: Iskenderun's Mystic Blast (safe; 6% risk of failure)
Confirm with . or Enter, or press ? or * to list all spells.
Aiming: Iskenderun's Mystic Blast (safe; 6% risk of failure)
Press: ? - help, Shift-Dir - straight line, f/p - Duvessa
Aim: Duvessa, wielding a +0 short sword and wearing a +3 leather armour of magic resistance (heavily wounded, berserk, fast, unusually strong)
The orb of energy hits Duvessa!
Duvessa is heavily wounded.
You are feeling hungry.
Duvessa hits you with a +0 short sword! x2
* * * LOW HITPOINT WARNING * * *
Duvessa barely misses you. x2
Duvessa hits you with a +0 short sword.
You die...

.... ..#.# .....
#... .#...#####.#
.......(...###
#...#..(.#
###..#.#......#
##...#####.##
#e...### #
...####@.....# .#
.......<.#.#.##.##
>......(†#.........
......##...........
#.##.# ###.....[...
. ....# #.........
.......##.........
)..⌠ #h....>......
... #e##.........


You could see Duvessa (berserk).

Vanquished Creatures
  Dowan (D:4)
  2 orc priests (D:3)
  An orc wizard (D:3)
  Terence (D:2)
  A gnoll (D:1)
  An adder (D:3)
  An ooze (D:1)
  3 worms
  2 dart slugs
  2 leopard geckos
  9 orcs (D:3)
  3 giant cockroaches
  15 goblins
  11 hobgoblins
  A quokka (D:2)
  8 bats
  5 frilled lizards
  8 kobolds
  7 rats
82 creatures vanquished.

Vanquished Creatures (others)
  2 orcs (D:3)
  A giant cockroach (D:3)
  A frilled lizard (D:3)
4 creatures vanquished.

Grand Total: 86 creatures vanquished

Notes
Turn   | Place    | Note
-------+----------+-------------------------------------------
     0 | D:1      | PaavoPuola the Deep Elf Conjurer began the quest for the
                  | Orb.
     0 | D:1      | Reached XP level 1. HP: 10/10 MP: 6/6
   380 | D:1      | Reached XP level 2. HP: 12/15 MP: 1/8
   576 | D:1      | Learned a level 2 spell: Searing Ray
   598 | D:1      | Reached skill level 4 in Spellcasting
  1050 | D:1      | Reached XP level 3. HP: 19/19 MP: 6/10
  2040 | D:2      | Noticed Terence
  2088 | D:2      | Reached skill level 5 in Conjurations
  2166 | D:2      | Killed Terence
  2166 | D:2      | Reached skill level 5 in Spellcasting
  2166 | D:2      | Reached XP level 4. HP: 3/24 MP: 0/13
  2892 | D:3      | Reached skill level 6 in Spellcasting
  2892 | D:3      | Reached XP level 5. HP: 28/28 MP: 6/15
  3240 | D:3      | Found a faded altar of an unknown god.
  3248 | D:3      | Became a worshipper of Jiyva Jiziabb the Shapeless
  3248 | D:3      | Reached * piety under Jiyva
  3321 | D:3      | Reached ** piety under Jiyva
  3814 | D:4      | Noticed Duvessa
  3814 | D:4      | Noticed Dowan
  4354 | D:3      | Learned a level 4 spell: Iskenderun's Mystic Blast
  4411 | D:4      | Identified the cursed +1 quarterstaff "Soics" {crush,
                  | Int+5}
  4411 | D:4      | Noticed Robin
  4560 | D:4      | Killed Dowan
  4560 | D:4      | Reached skill level 7 in Spellcasting
  4560 | D:4      | Reached XP level 6. HP: 29/32 MP: 0/18
  4702 | D:4      | Slain by Duvessa

Skill      XL: |  1  2  3  4  5 |
---------------+----------------+-----
Spellcasting   | 4 5 6 7 |  7.2
Conjurations   | 5 |  5.9
Dodging        | |  2.4
Stealth        | |  2.4

Action                   |  1- 3 |  4- 6 || total
-------------------------+-------+-------++-------
Melee: Dagger            |    20 |     9 ||    29
 Cast: Magic Dart        |    30 |   101 ||   131
       Searing Ray       |    48 |    16 ||    64
       Iskenderun's Myst |       |    10 ||    10
  Eat: Chunk             |     3 |     3 ||     6
       Ration            |       |     3 ||     3
Armor: Robe              |    11 |     4 ||    15
Dodge: Dodged            |    17 |    27 ||    44
